Description

Last game Clem vs Kelazhur.

Standard TvT if you wonder how to master it, be perfect like Clem. Early is fast gas tech + fast 2nd CC. Defending with 2 reaper 2 Hellion, after this 2Cyclone 2 Raven.

Ur composition until 8 minutes aprox' will be only Vikings, raven, TANKS.

after this marines will join the army.

(Some tweeks will be made since, on this game Clem got many SCV killed, so not perfect timings. pretty ok version atm.)

Replay - Clem v Kelazhur: Game 3 - Kairos Junction LE

Build Order

Get SALT Encoding   

  13  0:12  SCV  Rally to wall.
  14  0:17  Supply Depot  
  14  0:24  SCV  Rally to gas.
  14  0:27  Refinery  
  15  0:38  SCV  
  16  0:45  Barracks  Wall.
  16  0:50  SCV  
  17  0:55  Refinery  
  17  1:02  SCV  
  18  1:14  SCV  
  19  1:32  Orbital Command  Pull 1SCV from both gas (2/3).
  19  1:34  Factory  Pull 1SCV from both gas (2/3).
  19  1:35  Reaper  Pull 1SCV from both gas (2/3).
  20  1:45  Supply Depot  Pull 1SCV from both gas (2/3).
  20  1:57  SCV  Pull 1SCV from both gas (2/3).
  21  2:07  Reaper  1st Reaper scout proxy.
  22  2:09  SCV  
  23  2:18  Hellion  Factory SCV to make 2nd CC.
  25  2:28  Command Center, SCV  @150 mineral Starport., @150 mineral Starport.
  26  2:36  Starport  
  26  2:39  Barracks Tech Lab  
  26  2:45  Hellion  
  29  2:54  Supply Depot  @100% techlab: lift racks to make another.
  30  3:06  Barracks Tech Lab  @100% hellion, Lift Factory on techlab. (both gas 3/3)
  30  3:14  Cyclone  Get ur Starport rdy for the 2nd techlab.
  30  3:18  Refinery  Yes, the 2nd CC is not finished. @100% gas >> 3SCV
  34  3:30  Raven  
  37  3:38  Orbital Command  
  37  3:46  Cyclone  
  41  3:50  Marine  
  43  4:08  Marine  
  48  4:27  Raven  
  52  4:35  Command Center  
  52  4:48  Barracks Reactor  For the Starport.
  55  4:55  Siege Tank  
  59  5:07  Supply Depot  
  62  5:18  Refinery  
  65  5:27  Siege Tank  
  67  5:28  Stimpack, Supply Depot  
  69  5:31  Viking x2  
  72  5:35  Engineering Bay x2  UPGRADE, UPGRADE
  74  5:43  Marine  
  77  5:59  Siege Tank  
  81  6:14  Viking  
  83  6:20  Viking  
  88  6:37  Siege Tank  
  90  6:40  Barracks x2  LAND UR 3RD, LAND UR 3RD
  94  6:50  Viking x2  
  102  7:05  Barracks x2  
  105  7:11  Siege Tank  SCOUT FOR ENNEMY 3RD
  109  7:24  Viking x2  SCOUT FOR ENNEMY 3RD, SCOUT FOR ENNEMY 3RD
  115  7:47  Siege Tank  
  118  7:51  Marine  IF ENNEMY HAS 3RD GO SIEGE HIM.
  120  7:52  Orbital Command  
  122  8:12  Viking x2  KEEP AIR CONTROL, KEEP AIR CONTROL
  124  8:17  Marine  KEEP AIR CONTROL
  125  8:21  Siege Tank  KEEP AIR CONTROL
  128  8:32  Marine  
  132  8:41  Refinery x2  
  138  9:14  Siege Tank  GL & HF
  138  9:43  Factory  MAKE TvT FEEL CLEAN.
  140  9:44  Armory  SEE YOU ON LADDER.
Spawning Tool Build Advisor. Get it on Overwolf

Go to:

Details

  • Created by: FloHaxxk
  • Published on: Jun 06, 2019
  • Modified on: Jun 06, 2019
  • Patch: 4.7.1
Show
View Real Time Build Order
Export as new Build Order

Comments (0)

There are no comments. Be the first!

Create an account to comment!